 Dungeon Crawl Stone Soup version 0.31-a0-806-g0bc164a743 (webtiles) character file.

Game seed: 3516235581190698377

200 CrazyBamboolord the Changeling (level 5, -2/37 HPs)
             Began as a Demonspawn Shapeshifter on Sept 21, 2023.
             Slain by an orc
             ... wielding a +0 short sword
              (3 damage)
             ... on level 4 of the Dungeon.
             The game lasted 00:04:14 (3594 turns).

CrazyBamboolord the Changeling (DsSh)               Turns: 3594, Time: 00:04:15

Health: -2/37      AC:  3    Str: 16    XL:     5   Next: 48%
Magic:  5/5        EV: 12    Int: 11    God:
Gold:   136        SH:  0    Dex: 13    Spells: 4/4 levels left

rFire   . .          .
                       - Unarmed
rCold   . . .        (no shield)
rNeg    . . .        a - +1 animal skin
rPois   .            (helmet currently unavailable)
rElec   .            (cloak currently unavailable)
rCorr   .            (gloves currently unavailable)
SInv    .            (boots currently unavailable)
Will    .....        (no amulet)
Stlth   +            (no ring)
HPRegen 0.26/turn    (no ring)
MPRegen 0.18/turn

%: no passive effects
@: beast-form
A: beast (slay +3), antennae 1, ignite blood 1, magic regeneration
a: Begin Untransformation


You were on level 4 of the Dungeon.
You were a hulking beast.
You visited 1 branch of the dungeon, and saw 4 of its levels.

You collected 290 gold pieces.
You spent 154 gold pieces at shops.

Inventory:

Missiles
 l - a throwing net
Armour
 a - a +1 animal skin (worn)
Talismans
 c - a beast talisman (active)
 d - a flux talisman
Wands
 b - a wand of flame (9)
Scrolls
 f - a scroll of blinking {unknown}
 g - a scroll of fog {unknown}
 i - a scroll of enchant armour
 m - 2 scrolls of identify {unknown}
 n - a scroll of fear {unknown}
 p - a scroll of acquirement {unknown}
Potions
 e - 2 potions of might {unknown}
 h - 3 potions of mutation {unknown}
 j - a potion of resistance {unknown}
 k - 4 potions of curing
 o - 2 potions of brilliance {unknown}


   Skills:
 - Level 1.0 Fighting
 - Level 1.7 Dodging
 - Level 2.6 Unarmed Combat
 + Level 5.3 Shapeshifting


You had 4 spell levels left.
You didn't know any spells.
Your spell library was empty.

Dungeon Overview and Level Annotations

Branches:
Dungeon (4/15)
 Temple: D:4-7

Altars:

Shops:
D:2 !


Innate Abilities, Weirdness & Mutations

You are a hulking beast.
Your limbs bulge with bestial killing power. (Slay +3)
You have a pair of small antennae on your head.
Your demonic aura sometimes causes spilled blood to erupt in flames.
You regenerate magic rapidly.


Message History

You hit the orc wizard.
The orc wizard is heavily wounded.
The orc wizard completely misses you. The orc hits you with a +0 club.
The orc closely misses you.
Unknown command.
You hit the orc wizard.
The orc wizard is heavily wounded.
The orc wizard misses you. The orc barely misses you.
The orc hits you but does no damage.
Unknown command.
You closely miss the orc wizard.
The orc wizard is heavily wounded.
The orc wizard points at you and mumbles some strange words.
The puff of flame hits you! The orc hits you with a +0 club.
The orc misses you.
Unknown command.
You are too injured to fight recklessly!
Unknown command.
You barely miss the orc wizard.
The orc wizard is heavily wounded.
The orc wizard hits you with a +0 dagger.
The orc misses you. The orc closely misses you.
You hit the orc wizard.
The orc wizard is severely wounded.
The orc wizard gestures at you while chanting.
The magic dart hits you.
* * * LOW HITPOINT WARNING * * *
The orc barely misses you. x2
Unknown command.
You hit the orc wizard.
You kill the orc wizard!
The orc barely misses you. The orc closely misses you. The orc misses you.
Unknown command.
You barely miss the orc. The orc misses you. The orc hits you with a +0 dagger.
* * * LOW HITPOINT WARNING * * *
The orc hits you with a +0 short sword.
* * * LOW HITPOINT WARNING * * *
Unknown command.
The orc attacks as it pursues you! The orc hits you with a +0 short sword.
You die...

#.###.# #.. ..#####
#...#.# #.# ### #.##..#
###.#.###.. ...##.....#
#.#.#.### #.#......#
#...#.... ###........#
######...# .#..........#
#.........
.......oo...####.........
#.)oh.....###........
##......##...........
###..#.####.........
##.#.# #......... #.#.#
#......... #.#.#
#)........ #.#.#
#...>..... #.#.#
##...##### #.#.#
##.......


You could see 3 orcs.

Vanquished Creatures
  A hound (D:3)
  An orc wizard (D:4)
  4 gnolls (D:2)
  3 adders
  3 worms (D:2)
  A dart slug (D:2)
  5 orcs
  6 endoplasms
  3 giant cockroaches (D:3)
  5 goblins
  7 hobgoblins
  9 jackals
  3 quokkas
  A ball python (D:2)
  3 bats
  3 frilled lizards
  3 kobolds (D:1)
  4 rats
65 creatures vanquished.

Vanquished Creatures (others)
  A hobgoblin (D:1)
1 creature vanquished.

Grand Total: 66 creatures vanquished

Notes
Turn   | Place    | Note
-------+----------+-------------------------------------------
     0 | D:1      | CrazyBamboolord the Demonspawn Shapeshifter began the quest
                  | for the Orb.
     0 | D:1      | Reached XP level 1. HP: 15/15 MP: 1/1
   385 | D:1      | Reached skill level 3 in Shapeshifting
   580 | D:1      | Gained mutation: Your demonic aura sometimes causes spilled
                  | blood to erupt in flames. [demonic ancestry]
   580 | D:1      | Reached XP level 2. HP: 21/21 MP: 2/2
  1039 | D:2      | Found Nurotouwk's Distillery.
  1094 | D:2      | Bought a potion of heal wounds for 55 gold pieces
  1094 | D:2      | Bought a potion of curing for 33 gold pieces
  1094 | D:2      | Bought a potion of curing for 33 gold pieces
  1094 | D:2      | Bought a potion of curing for 33 gold pieces
  1432 | D:2      | Reached XP level 3. HP: 26/26 MP: 3/3
  1495 | D:2      | Reached skill level 4 in Shapeshifting
  1512 | D:2      | Gained mutation: You regenerate magic rapidly. [demonic
                  | ancestry]
  1512 | D:2      | Reached XP level 4. HP: 4/32 MP: 4/4
  2519 | D:3      | Gained mutation: You have a pair of small antennae on your
                  | head. [demonic ancestry]
  2519 | D:3      | Reached XP level 5. HP: 37/37 MP: 5/5
  2623 | D:3      | Reached skill level 5 in Shapeshifting
  3593 | D:4      | HP: 1/37 [orc/+0 short sword (4)]
  3594 | D:4      | Slain by an orc

Illustrated notes

Levels and vault maps discovered:
D:1:      saegor_arrival_miasma, layout_basic, lemuel_flame_loot_1
D:2:      layout_basic, serial_shops, shop
D:3:      layout_basic
D:4:      layout_cave_pods, serial_co_window_serial, co_window_paths_b,
          co_window_paths_a, co_window_corner_a, co_window_paths_a,
          co_window_paths_b, co_window_paths_a, co_window_paths_a,
          co_window_of_opportunity_a, co_window_of_opportunity_a,
          co_window_corner_b, co_window_broadway_a, co_window_corner_b,
          co_window_corner_b, co_window_broadway_a, co_window_broadway_a,
          co_window_broadway_a, glass_columns_b, glass_columns_a,
          chequers_serial_rivers_micro_b, grunt_ministairs_10, minmay_checkerbox

Skill      XL: |  1  2  3  4  5 |
---------------+----------------+-----
Shapeshifting  | 3 4 5 |  5.3
Fighting       | |  1.0
Dodging        | |  1.7
Unarmed Combat | |  2.6

Action                     |  1- 3 |  4- 6 || total
---------------------------+-------+-------++-------
  Melee: Unarmed           |   103 |   120 ||   223
         Punch             |     3 |     3 ||     6
    Use: Potion            |     2 |     2 ||     4
         Scroll            |     1 |       ||     1
   Stab: Sleeping          |     1 |     1 ||     2
 Armour: Animal skin       |    41 |    72 ||   113
         Skin              |       |     8 ||     8
  Dodge: Dodged            |    63 |    78 ||   141

Table legend: (Time is in decaauts)
 A = Elapsed time spent in this place.
 B = Non-inter-level travel time spent in this place.
 C = Inter-level travel time spent in this place.
 D = Time resting spent in this place.
 E = Time spent auto-exploring this place.
 F = Levels seen in this place.
 G = Mean time per level.
                   A        B        C        D        E       F      G
               +--------+--------+--------+--------+--------+-----+--------+
         Total |   3583 |   3447 |    136 |    101 |   2812 |   4 |  895.8 |
       Dungeon |   3583 |   3447 |    136 |    101 |   2812 |   4 |  895.8 |
               +--------+--------+--------+--------+--------+-----+--------+

Top non-repeatable levels by time:
     D:2: 1245 daAuts
     D:3: 1077 daAuts
     D:1: 829 daAuts
     D:4: 431 daAuts
